cohdb
Replays
Latest Replays
All Replays
Popular Replays
Top Player Replays
Match Explorer
How It Works
Community
CoH3 Stats
Reddit
Sign in to upload your games and track your stats! →
Sign in with Steam
Match 42877932
Unlisted
Match 42877932
Overview
Messages
Build Orders
End
Kradschützen Motorcycle Team
Selects Armored Support Battlegroup
Panzerpioneer Squad
Panzergrenadier Squad
250 Light Carrier
Construct Light Support Kompanie
Combat Half-tracks
Selects Superior Fire Drills
MG34 Team
Assault Mechanized Group
Fire Support Elements
Panzerjäger Squad
Flakvierling Half-track
2.5-tonne Medical Truck
Vehicle Survival Package
Selects Flammpanzer III Medium Tank
Flammpanzer III Medium Tank
Pak 38 Mechanized Group
Trion
Gordon Birdman
4IRT
Vishtan
0
0
Comments
sign in to comment!
No comments posted yet!